Map: Cactus Valley LE (Void)

Players

IIIIIIIIIIII

  • Race: Protoss Protoss
  • League: Master
  • Spawn Location: 1:00

Railgan - Winner!

  • Race: Zerg Zerg
  • League: Grandmaster
  • Spawn Location: 5:00

VOD

Have the link to the VOD?

Description

Time

  • Played on: March 23, 2017, 7:47 p.m.
  • Length: 8:51
Show
View Real Time Build Order
Export as new Build Order

IIIIIIIIIIII Protoss 

Build Orders: 1 Gate Expand 

Get SALT Encoding   

  12  0:00  Probe (Chrono Boost)  
  13  0:11  Probe (Chrono Boost)  
  14  0:19  Pylon  
  14  0:22  Probe (Chrono Boost)  
  15  0:37  Probe (Chrono Boost)  
  15  0:42  Gateway  
  16  0:45  Assimilator  
  16  0:48  Probe (Chrono Boost)  
  17  0:58  Probe (Chrono Boost)  
  18  1:09  Probe (Chrono Boost)  
  19  1:22  Nexus  
  19  1:25  Probe (Chrono Boost)  
  20  1:37  Cybernetics Core  
  20  1:39  Probe (Chrono Boost)  
  21  1:45  Assimilator  
  21  1:50  Probe (Chrono Boost)  
  22  1:55  Pylon  
  22  2:00  Probe (Chrono Boost)  
  23  2:07  Warp Gate  
  23  2:10  Adept  
  23  2:15  Probe (Chrono Boost)  
  26  2:27  Twilight Council, Probe (Chrono Boost)  
  27  2:33  Adept  
  30  2:39  Probe (Chrono Boost)  
  30  2:43  Gateway  
  31  2:52  Mothership Core (Chrono Boost)  
  31  2:54  Probe (Chrono Boost)  
  31  3:06  Adept, Probe (Chrono Boost)  
  31  3:12  Probe (Chrono Boost)  
  34  3:18  Probe (Chrono Boost)  
  35  3:24  Probe (Chrono Boost)  
  36  3:27  Stalker  
  36  3:30  Probe (Chrono Boost)  
  36  3:31  Stalker  
  42  3:41  Probe (Chrono Boost)  
  42  3:44  Pylon  
  42  3:45  Probe (Chrono Boost)  
  42  3:52  Probe (Chrono Boost)  
  42  3:54  Resonating Glaives  
  44  3:55  Probe (Chrono Boost)  
  44  4:02  Probe (Chrono Boost)  
  45  4:06  Probe (Chrono Boost)  
  46  4:10  Adept x2  
  46  4:12  Pylon  
  46  4:13  Probe (Chrono Boost)  
  46  4:16  Probe (Chrono Boost)  
  52  4:24  Robotics Facility, Probe (Chrono Boost)  
  52  4:27  Probe (Chrono Boost)  
  54  4:36  Probe (Chrono Boost)  
  54  4:38  Adept x2, Probe (Chrono Boost)  
  56  4:41  Pylon  
  60  4:47  Probe (Chrono Boost), Assimilator  
  60  4:48  Probe (Chrono Boost)  
  62  4:59  Probe x2 (Chrono Boost)  
  64  5:11  Adept x2  
  68  5:15  Probe (Chrono Boost)  
  68  5:19  Pylon  
  68  5:21  Assimilator  
  69  5:32  Warp Prism  
  69  5:33  Pylon  
  69  5:37  Pylon  
  69  5:40  Probe (Chrono Boost)  
  69  5:41  Blink  
  69  5:42  Probe (Chrono Boost)  
  70  5:51  Pylon  
  70  5:55  Nexus  
  70  5:57  Pylon  
  70  5:58  Adept x2  
  76  6:04  Probe (Chrono Boost)  
  76  6:06  Observer, Probe (Chrono Boost)  
  76  6:10  Nexus  
  77  6:24  Immortal, Probe (Chrono Boost)  
  79  6:26  Probe (Chrono Boost)  
  79  6:27  Adept x2  
  79  6:30  Pylon  
  87  6:49  Probe x2 (Chrono Boost)  
  87  6:50  Dark Shrine  
  87  6:52  Templar Archives  
  84  7:00  Stalker x2  
  86  7:03  Immortal  
  84  7:21  Nexus  
  80  7:29  Assimilator  
  80  7:33  Assimilator  
  80  7:36  Adept x2  
  84  8:01  Immortal  
  76  8:11  Pylon  
  65  8:25  Dark Templar x2  
  53  8:29  Cybernetics Core  
  53  8:32  Archon  
Show
View Real Time Build Order
Export as new Build Order

Railgan Zerg - Winner!

Build Orders: Pool First, Swarm Host 

Get SALT Encoding   

  12  0:01  Drone  
  13  0:12  Overlord  
  13  0:18  Drone  
  14  0:30  Drone x2  
  14  0:34  Drone  
  17  0:45  Drone  
  18  0:52  Spawning Pool  
  18  0:54  Extractor  
  18  0:56  Drone  
  17  1:06  Drone  
  18  1:17  Drone  
  19  1:30  Overlord  
  19  1:38  Queen  
  19  1:39  Zergling x2  
  22  1:46  Hatchery  
  21  1:49  Drone  
  22  2:00  Drone  
  23  2:02  Metabolic Boost  
  23  2:10  Drone  
  23  2:14  Queen  
  26  2:22  Overlord  
  26  2:33  Drone  
  27  2:45  Drone  
  27  2:48  Drone x2  
  27  2:49  Drone  
  31  2:53  Queen  
  32  3:06  Drone x2  
  32  3:07  Queen  
  32  3:10  Drone  
  32  3:11  Zergling x2  
  38  3:20  Overlord  
  38  3:21  Drone  
  38  3:23  Drone  
  38  3:24  Drone x2  
  42  3:29  Evolution Chamber  
  42  3:31  Lair  
  42  3:32  Drone x2  
  43  3:38  Drone  
  43  3:39  Overlord  
  43  3:40  Drone  
  45  3:48  Drone x2  
  47  3:51  Extractor  
  47  3:53  Extractor  
  47  3:54  Drone x2  
  47  3:59  Roach Warren, Zerg Melee Weapons Level 1  
  47  4:02  Drone x2  
  48  4:05  Drone  
  48  4:08  Overlord  
  48  4:09  Extractor  
  48  4:17  Drone  
  48  4:18  Drone x2  
  48  4:21  Zergling x6  
  54  4:36  Drone  
  54  4:37  Drone x2  
  56  4:40  Glial Reconstitution  
  56  4:41  Infestation Pit, Roach  
  56  4:42  Roach x2  
  61  4:46  Overseer  
  61  4:49  Roach  
  63  4:54  Zergling x8  
  67  5:11  Overlord x2  
  67  5:14  Overlord  
  67  5:18  Overlord  
  67  5:30  Zergling x2  
  67  5:31  Zergling x10  
  73  5:40  Swarm Host  
  76  5:43  Swarm Host x4  
  76  5:47  Hatchery  
  84  5:50  Swarm Host  
  84  5:56  Drone  
  88  5:57  Baneling Nest  
  88  5:58  Zerg Melee Weapons Level 2  
  88  5:59  Swarm Host  
  90  6:07  Overlord  
  90  6:10  Overlord  
  88  6:18  Drone  
  88  6:23  Roach  
  88  6:24  Overlord x2  
  91  6:28  Drone, Pneumatized Carapace  
  91  6:31  Zergling x4  
  94  6:42  Overseer, Roach x2  
  94  6:50  Drone x3  
  94  6:51  Drone x5  
  100  6:59  Drone x2  
  102  7:06  Queen  
  104  7:09  Roach x2  
  104  7:13  Zergling x2  
  104  7:14  Zergling x2  
  108  7:16  Centrifical Hooks  
  108  7:19  Baneling  
  108  7:20  Baneling x8  
  107  7:24  Zergling x2  
  107  7:25  Zergling x4  
  107  7:26  Drone  
  111  7:38  Drone, Zergling x4  
  111  7:41  Spire  
  111  7:42  Drone  
  102  8:07  Drone x4  
  101  8:14  Zergling x10  
  101  8:15  Zergling x8  
  109  8:21  Zergling x4  
  110  8:30  Zergling x6  
Tags
 
Add a new tag
Caveats
  • Supply blocks, unpowered buildings, or Contaminate may cause inaccurate times.
  • Supply counts are checked every 10 seconds.